 Dungeon Crawl Stone Soup version 0.27.1-33-g824d729ab1 (webtiles) character file.

Game seed: 12841943650406032822

114 sking99 the Insei (level 4, -2/29 HPs)
             Began as an Octopode Transmuter on Dec 10, 2021.
             Succumbed to an adder's poison
             ... on level 3 of the Dungeon.
             The game lasted 00:04:19 (2114 turns).

sking99 the Insei (Octopode Transmuter)             Turns: 2114, Time: 00:04:20

Health: -2/29      AC:  1    Str: 10    XL:     4   Next: 98%
Magic:  6/7        EV: 13    Int: 15    God:
Gold:   109        SH:  0    Dex: 12    Spells: 1/7 levels left

rFire    . . .     SeeInvis .     - Unarmed
rCold    . . .     Faith    .   (no shield)
rNeg     . . .     Spirit   .   (helmet restricted)
rPois    .         Reflect  .   (no amulet)
rElec    .         Harm     .   (no ring)
rCorr    .         Rampage  .   (no ring)
Will     .....                  (no ring)
Stlth    ++........             (no ring)
HPRegen  0.09/turn              (no ring)
MPRegen  0.10/turn              (no ring)
                                (no ring)
                                (no ring)

@: lethally poisoned (-2 -> -12), very slightly contaminated, hasted, very quick
A: almost no armour, amphibious, 8 rings, camouflage 1, gelatinous body 1,
(nimble swimmer 1), tentacles
a: no special abilities


You were on level 3 of the Dungeon.
You visited 1 branch of the dungeon, and saw 3 of its levels.

You collected 109 gold pieces.

Inventory:

Jewellery
 a - a +6 ring of dexterity
 b - an amulet of reflection
Scrolls
 c - a scroll of amnesia {unknown}
 d - a scroll of immolation {unknown}
 f - a scroll of blinking {unknown}
 g - a scroll of magic mapping {unknown}


   Skills:
 - Level 2.0 Fighting
 - Level 2.6 Dodging
 + Level 4.2 Unarmed Combat
 - Level 2.0 Spellcasting
 * Level 2.5 Transmutations
 + Level 1.0 Poison Magic


You had one spell level left.
You knew the following spells:

 Your Spells              Type           Power      Damage    Failure   Level
a - Beastly Appendage     Tmut           18%        N/A       8%          1
b - Wereblood             Tmut           9%         N/A       12%         2
c - Spider Form           Tmut/Pois      3%         N/A       32%         3

Your spell library contained the following spells:

 Spells                   Type           Power      Damage    Failure   Level
 Sublimation of Blood     Necr           0%         N/A       32%         2
 Ice Form                 Ice/Tmut       5%         N/A       78%         4
 Summon Hydra             Summ           0%         N/A       100%        7


Dungeon Overview and Level Annotations

Branches:
Dungeon (3/15)

Altars:
Fedhas

Portals:
Sewer: D:3


Innate Abilities, Weirdness & Mutations

You cannot wear most types of armour.
You are amphibious.
You can wear up to eight rings at the same time.
Your skin changes colour to match your surroundings (Stealth+).
Your rubbery body absorbs attacks. (AC +1, EV +1)
((You are camouflaged near water. (Stealth+)))
You have tentacles for arms and can constrict up to eight enemies at once.


Message History

The adder hisses angrily.
Things that are here:
a +0 hand axe; a +0 scale mail The adder hisses angrily.
Found a glowing drain.
As you open the door, it creaks loudly!
A hobgoblin comes into view.
Casting: Beastly Appendage (safe; 9% risk of failure)
Confirm with . or Enter, or press ? or * to list all spells.
You miscast Beastly Appendage.
You are very lightly contaminated with residual magic.
Nothing appears to happen.
The adder barely misses you. The adder closely misses you.
You barely miss the adder. Your grab misses the adder.
Your tentacle spike disappears.
The adder bites you. The adder completely misses you. The adder misses you.
The adder bites you.
You closely miss the adder. You grab the adder. You constrict the adder.
The adder closely misses you. The adder bites you.
You are poisoned.
The adder poisons you!
Unknown command.
Unknown command.
You barely miss the adder. Your grab misses the adder. You constrict the adder.
You feel sick. The adder closely misses you. x2
You closely miss the adder. You grab the adder. You constrict the adder. x2
The adder misses you. The adder bites you.
* * * LOW HITPOINT WARNING * * *
Unknown command.
You barely miss the adder. You squeeze the adder.
You kill the adder!
You constrict the adder.
* * * LOW HITPOINT WARNING * * *
You feel sick. The adder bites you.
* * * LOW HITPOINT WARNING * * *
You are more poisoned.
The adder poisons you!
Your Poison Magic skill increases to level 1!
It was a potion of haste.
You feel yourself speed up.
You constrict the adder.
You die...

#.. #.# #
#..#####.#....##.####
####..#≈≈≈#.............
......#≈≈≈#......##.#...
......#≈∩≈#.#... #.#...
......#≈≈≈#.+).. #.....
.....#≈B≈#.#... ##.###
#.##S##g#... #..#.
#..@†....# ##.#.
##.......# #...
#.......# #.. #.$.....#
#.. #..)....# #..
#.......# #.. #.......#
##. #.......##########.
#..................


You could see an adder, a giant cockroach and a hobgoblin.

Vanquished Creatures
  Terence (D:3)
  5 adders
  3 worms
  An orc (D:3)
  4 endoplasms
  3 giant cockroaches
  4 hobgoblins
  2 jackals (D:3)
  2 quokkas
  4 ball pythons
  2 bats
  6 frilled lizards (D:1)
  2 rats
39 creatures vanquished.

Notes
Turn   | Place    | Note
-------+----------+-------------------------------------------
     0 | D:1      | sking99 the Octopode Transmuter began the quest for the
                  | Orb.
     0 | D:1      | Reached XP level 1. HP: 13/13 MP: 3/3
   175 | D:1      | Reached XP level 2. HP: 13/18 MP: 5/5
   956 | D:2      | Learned a level 2 spell: Wereblood
  1262 | D:2      | Reached XP level 3. HP: 19/23 MP: 6/6
  1651 | D:2      | Reached skill level 4 in Unarmed Combat
  1651 | D:2      | Reached XP level 4. HP: 29/29 MP: 7/7
  1770 | D:3      | Learned a level 3 spell: Spider Form
  1912 | D:3      | Found a blossoming altar of Fedhas.
  2089 | D:3      | Noticed Terence
  2100 | D:3      | Killed Terence
  2106 | D:3      | Found a glowing drain.
  2113 | D:3      | HP: 1/29 [adder (3)]
  2114 | D:3      | Reached skill level 1 in Poison Magic
  2114 | D:3      | Succumbed to an adder's poison

Illustrated notes

Levels and vault maps discovered:
D:1:      matt_arrival_diagonals, layout_loops_cross, minmay_lizard_pond
D:2:      layout_loops_cross, minmay_misc_feat_x
D:3:      layout_basic, fedhas_altar_3, gup_sewer_entry_glass,
          minmay_misc_feat_pillars, dk_noncrumbling_2, uniq_jessica,
          uniq_terence

Skill      XL: |  1  2  3  4 |
---------------+-------------+-----
Fighting       | 2 |  2.0
Unarmed Combat | 4 |  4.2
Poison Magic   | 1 |  1.0
Dodging        | |  2.6
Spellcasting   | |  2.0
Transmutations | |  2.5

Action                   |  1- 3 |  4- 6 || total
-------------------------+-------+-------++-------
Melee: Unarmed           |    56 |    35 ||    91
       Constrict         |    12 |    10 ||    22
       Tentacles         |     8 |     7 ||    15
       Punch             |     1 |       ||     1
       Kick              |     4 |     7 ||    11
 Cast: Beastly Appendage |     1 |     7 ||     8
  Use: Potion            |       |     1 ||     1
 Stab: Sleeping          |     5 |       ||     5
       Distracted        |     1 |       ||     1
Armor: Skin              |     7 |     2 ||     9
Dodge: Dodged            |    28 |    28 ||    56
